 Dungeon Crawl Stone Soup version 0.30-a0-553-g7fabdf1491 (webtiles) character file.

Game seed: 3863395512722588414

226 kae the Changer (level 5, -5/37 HPs)
             Began as a Demonspawn Transmuter on Dec 26, 2022.
             Slain by a kobold brigand
             ... wielding a +0 club
              (10 damage)
             ... in a sewer.
             The game lasted 00:03:22 (2551 turns).

kae the Changer (Demonspawn Transmuter)             Turns: 2551, Time: 00:03:22

Health: -5/37      AC:  2    Str: 10    XL:     5   Next: 69%
Magic:  7/9        EV: 19    Int: 22    God:
Gold:   111        SH:  0    Dex: 17    Spells: 0/10 levels left

rFire   . . .      SeeInvis .      - Unarmed
rCold   . . .      Faith    .    (shield currently unavailable)
rNeg    . . .      Spirit   .    (body armour currently unavailable)
rPois   x          Reflect  .    (helmet currently unavailable)
rElec   .          Harm     .    (cloak currently unavailable)
rCorr   .          Rampage  .    (gloves currently unavailable)
Will    .....                    (boots currently unavailable)
Stlth   ++                       (no amulet)
HPRegen 0.26/turn                (no ring)
MPRegen 0.11/turn                (no ring)

@: spider-form (expiring), flying, slowed, very slow
A: venomous fangs, tiny, big brain 1, (demonic touch 1), (horns 1), clever 1,
(cold resistance 1), MP-powered wands
a: End Transformation


You were in a sewer.
You were a venomous arachnid creature.
You visited 1 branch of the dungeon, and saw 4 of its levels.
You also visited: Sewer.

You collected 111 gold pieces.


Innate Abilities, Weirdness & Mutations

You are a venomous arachnid creature.
You have poisonous fangs.
You are tiny and dextrous.
Your spellcasting is less reliable in this form.
Your armour is entirely melded.
You are incapable of wielding weapons or throwing items.
You have an unusually large brain. (Int +2)
((Your touch may inflict minor irresistible damage on your foes.))
((You have a pair of small horns on your head.))
Your mind is acute. (Int +4, Str/Dex -1)
((Your flesh is cold resistant. (rC+)))
You expend magic power (3 MP) to strengthen your wands.


   Skills:
 - Level 1.0 Fighting
 - Level 1.7 Dodging
 + Level 3.6 Unarmed Combat
 + Level 3.1 Spellcasting
 * Level 4.0 Transmutations
 * Level 0.6 Ice Magic


You couldn't memorise any spells.
You knew the following spells:

 Your Spells              Type           Power      Damage    Failure   Level
a - Beastly Appendage     Tmut           42%        N/A       9%          1
b - Wereblood             Tmut           21%        N/A       12%         2
c - Spider Form           Tmut/Pois      12%        N/A       34%         3
d - Ice Form              Ice/Tmut       13%        N/A       65%         4

Your spell library contained the following spells:

 Spells                   Type           Power      Damage    Failure   Level
 Magic Dart               Conj           12%        1d3       28%         1
 Call Imp                 Summ           3%         N/A       38%         2
 Mephitic Cloud           Conj/Pois/Air  3%         N/A       58%         3
 Portal Projectile        Hex/Tloc       6%         N/A       58%         3
 Tukima's Dance           Hex            3%         N/A       58%         3
 Blade Hands              Tmut           10%        N/A       75%         5

Inventory:

Missiles
 d - 16 stones
Armour
 a - a +0 robe (melded)
Magical Staves
 h - a staff of death {!a}
   (You found it on level 1 of the Dungeon)

Dungeon Overview and Level Annotations

Branches:
Dungeon (4/15) Zot: 21682   Sewer (1/1) Zot: 5745
 Temple: D:4-7

Altars:

##. ###.#≈###≈≈#≈####.
#...#≈≈............)#.
..5≈≈≈≈...........)..
K#≈≈.............#.
###.###≈##~##≈####
#....≈≈≈≈≈≈≈≈≈~≈≈~
#..~≈≈≈≈≈≈≈≈≈≈≈≈≈~
#.~≈≈≈≈≈≈≈≈≈≈≈≈≈~~
#s~≈≈≈≈≈≈≈≈≈≈≈≈≈≈≈
#KK~≈≈≈≈≈≈≈≈≈≈≈≈≈≈
'.~≈≈≈≈≈≈≈≈≈≈≈≈≈≈≈
###################


You could see a kobold brigand (very poisoned) and a kobold.


Message History

The shadow imp shouts, "Flounder, thou quaking fool-born tinkerer!"
You hear a shout! 😎 MP[+1]
An ufetubus comes into view.
Your transformation has ended.
Your +0 robe unmelds from your body.
The ufetubus shouts!
You hear a shout! x2
The ufetubus barely misses you. The ufetubus hits you.
You miss the ufetubus. You punch the ufetubus. The ufetubus hits you.
The ufetubus completely misses you.
A kobold comes into view. It is wielding a +0 short sword.
The shadow imp barely misses you. 😕 HP[-5]
You take 5 damage, and now have 32/37 hp.
You miss the ufetubus.
The ufetubus hits you but does no damage.
The ufetubus barely misses you.
The kobold shouts!
You hit the ufetubus.
You kill the ufetubus!
The shadow imp barely misses you.
The kobold throws a stone.
The stone hits you but does no damage.
You barely miss the shadow imp. You punch the shadow imp.
The shadow imp hits you but does no damage.
You hit the shadow imp.
You touch the shadow imp.
You kill the shadow imp! 😕 HP[+1]
An ufetubus comes into view.
The ufetubus moves out of view.
A shadow imp comes into view. 😕 MP[+1]
Your mp is fully restored (9).
The shadow imp shouts, "Quit, thou pox-marked folly-fallen tinkerer!"
The shadow imp gestures at you.
Pain shoots through your body! 😮 HP[-12]
You take 12 damage, and now have 21/37 hp.
MASSIVE DAMAGE!! (PAUSE)
Casting: Spider Form (quite dangerous; 16% risk of failure)
Confirm with . or Enter, or press ? or * to list all spells.
The spell is quite dangerous to miscast (16% risk of failure)!
Continue anyway? [Y]es or [N]o only, please.
The spell is quite dangerous to miscast (16% risk of failure)!
Continue anyway?
You turn into a venomous arachnid creature.
Your +0 robe melds into your body.
A bat zombie comes into view.
The bat zombie moves out of view. 😮 MP[-3]
You lost 3 mp, and now have 6/9 mp.
You hit the shadow imp. The shadow imp barely misses you.
You bite the shadow imp! The shadow imp misses you. 😮 HP[+1]
You hit the shadow imp.
You kill the shadow imp!
Your Transmutations skill increases to level 4!
You barely miss the ufetubus. The ufetubus barely misses you.
The ufetubus misses you.
Unknown command.
You hit the ufetubus.
The ufetubus is poisoned.
The ufetubus hits you.
* * * LOW HITPOINT WARNING * * *
The ufetubus completely misses you. The ufetubus barely misses you.
The ufetubus closely misses you. 😨 HP[-4]
You take 4 damage, and now have 18/37 hp.
You hit the ufetubus.
You kill the ufetubus!
A kobold brigand comes into view.
It is wielding a +0 club and quivering curare-tipped darts. 😮 HP[+1]
The kobold brigand throws a curare-tipped dart.
The curare-tipped dart hits you.
You are lethally poisoned!
You have difficulty breathing.
* * * LOW HITPOINT WARNING * * *
You feel yourself slow down. 😨 HP[-9]
You take 9 damage, and now have 10/37 hp.
MASSIVE DAMAGE!! (PAUSE)
Your transformation is almost over.
* * * LOW HITPOINT WARNING * * *
You feel extremely sick. 😱 HP[-8] MP[+1]
You take 8 damage, and now have 2/37 hp.
MASSIVE DAMAGE!! (PAUSE) It was a potion of curing.
You feel better.
The kobold brigand hits you with a +0 club.
* * * LOW HITPOINT WARNING * * *
The kobold brigand barely misses you. 😱 HP[+5]
You regained 5 hp, and now have 7/37 hp.
It was a potion of flight.
You feel very buoyant.
You fly up into the air.
The kobold brigand hits you with a +0 club.
* * * LOW HITPOINT WARNING * * *
😱 HP[-2]
You take 2 damage, and now have 5/37 hp.
You hit the kobold brigand.
The kobold brigand is poisoned.
The kobold barely misses you.
The kobold brigand hits you with a +0 club!
You die...

Skill      XL: |  1  2  3  4  5 |
---------------+----------------+-----
Transmutations | 2 3 4 |  4.0
Unarmed Combat | 3 |  3.6
Spellcasting   | 3 |  3.1
Fighting       | |  1.0
Dodging        | |  1.7
Ice Magic      | |  0.6

Action                   |  1- 3 |  4- 6 || total
-------------------------+-------+-------++-------
Melee: Unarmed           |   137 |   115 ||   252
       Kick              |    23 |     4 ||    27
       Headbutt          |     7 |     2 ||     9
       Punch             |     2 |     2 ||     4
       Touch             |       |     3 ||     3
 Cast: Beastly Appendage |    19 |     2 ||    21
       Spider Form       |     2 |     9 ||    11
  Use: Scroll            |     4 |     1 ||     5
       Potion            |       |     6 ||     6
 Stab: Sleeping          |     1 |       ||     1
Armor: Robe              |    32 |     4 ||    36
       Skin              |     1 |    21 ||    22
Dodge: Dodged            |    98 |    99 ||   197

Levels and vault maps discovered:
D:1:      ldierk_walled_garden_2, layout_loops_ring, serial_bayou_pond_a
D:2:      layout_basic, chequers_decorated_corner, uniq_robin
D:3:      layout_loops_cross, lemuel_coloured_pillars_altar,
          lightli_sewer_entry_pipes, minmay_misc_feat_columns
D:4:      gammafunk_cloud_chamber, layout_basic, nicolae_overflow_crystal_walls,
          hangedman_decor_riveting, columned_hall_lemuel
Sewer:    kennysheep_sewer_church

Notes
Turn   | Place    | Note
-------+----------+-------------------------------------------
     0 | D:1      | kae the Demonspawn Transmuter began the quest for the Orb.
     0 | D:1      | Reached XP level 1. HP: 15/15 MP: 3/3
     0 | D:1      | magus.rc [v1.11.3]
    60 | D:1      | Reached skill level 2 in Transmutations
   203 | D:1      | Gained mutation: You have an unusually large brain. (Int
                  | +2) [demonic ancestry]
   203 | D:1      | Reached XP level 2. HP: 21/21 MP: 3/5
   817 | D:2      | Reached skill level 3 in Unarmed Combat
   855 | D:2      | You pick up a book of Weapons and begin reading...
   855 | D:2      | You add the spells Tukima's Dance, Portal Projectile and
                  | Blade Hands to your library.
  1085 | D:2      | Reached XP level 3. HP: 25/26 MP: 6/6
  1088 | D:2      | Learned a level 2 spell: Wereblood
  1092 | D:2      | Learned a level 3 spell: Spider Form
  1146 | D:2      | HP: 6/26 [adder (2)]
  1798 | D:2      | Noticed Robin
  1812 | D:2      | Reached skill level 3 in Transmutations
  1820 | D:2      | HP: 5/26 [goblin/+0 dagger[Robin] (4)]
  1821 | D:2      | Killed Robin
  1822 | D:2      | Gained mutation: Your touch may inflict minor irresistible
                  | damage on your foes. [demonic ancestry]
  1822 | D:2      | Reached XP level 4. HP: 6/32 MP: 4/7
  1824 | D:2      | Gained mutation: Your mind is acute. (Int +4, Str/Dex -1)
                  | [potion of mutation]
  1824 | D:2      | Gained mutation: You have a pair of small horns on your
                  | head. [potion of mutation]
  1824 | D:2      | Gained mutation: You expend magic power (3 MP) to
                  | strengthen your wands. [potion of mutation]
  1824 | D:2      | Gained mutation: Your flesh is cold resistant. (rC+)
                  | [potion of mutation]
  1911 | D:2      | You pick up a book of Minor Magic and begin reading...
  1911 | D:2      | You add the spells Magic Dart, Call Imp and Mephitic Cloud
                  | to your library.
  1925 | D:2      | You fall into a shaft and drop 2 floors!
  2198 | D:3      | Reached XP level 5. HP: 37/37 MP: 4/9
  2217 | D:3      | Reached skill level 3 in Spellcasting
  2221 | D:3      | HP: 13/55 [poisoned by an adder]
  2291 | D:3      | Found a glowing drain.
  2298 | Sewer    | Entered a sewer
  2500 | Sewer    | Learned a level 4 spell: Ice Form
  2544 | Sewer    | Reached skill level 4 in Transmutations
  2548 | Sewer    | HP: 2/37 [poisoned by a kobold brigand (curare-tipped
                  | dart)]
  2551 | Sewer    | Slain by a kobold brigand

Vanquished Creatures
  A hound (D:4)
  Robin (D:2)
  6 adders
  3 shadow imps (Sewer)
  4 ufetubi (Sewer)
  5 worms
  A dart slug (D:1)
  4 ball pythons
  9 bats
  7 endoplasms
  4 giant cockroaches
  10 goblins
  8 hobgoblins
  6 kobolds
  A quokka (D:2)
  3 frilled lizards (D:1)
  5 rats (D:3)
78 creatures vanquished.

Vanquished Creatures (others)
  4 toadstools (D:1)
4 creatures vanquished.

Grand Total: 82 creatures vanquished

Table legend:
 A = Non-vault XP
 B = Vault XP
 C = Vault XP percentage of total XP
 D = Non-vault monster count
 E = Vault monster count
 F = Vault count percentage of total count
                 A         B        C        D         E       F
            +---------+---------+-------+---------+---------+-------
      Total |     133 |     191 |  59.0 |      40 |      38 |  48.7
            +---------+---------+-------+---------+---------+-------
        D:1 |      29 |       0 |   0.0 |      17 |       0 |   0.0
        D:2 |      52 |      36 |  40.9 |      17 |      12 |  41.4
        D:3 |       6 |      80 |  93.0 |       3 |      12 |  80.0
        D:4 |      46 |       0 |   0.0 |       3 |       0 |   0.0
      Sewer |       0 |      75 | 100.0 |       0 |      14 | 100.0
            +---------+---------+-------+---------+---------+-------

Illustrated notes

Table legend:
 A = Kills in this place as a percentage of kills in entire the game.
 B = Kills by you in this place as a percentage of kills by you in the entire game.
 C = Kills by friends in this place as a percentage of kills by friends in the entire game.
 D = Other kills in this place as a percentage of other kills in the entire game.
 E = Experience gained in this place as a percentage of experience gained in the entire game.
 F = Experience gained in this place divided by the number of levels of this place that you have seen.
                   A       B       C       D       E      F
               +-------+-------+-------+-------+-------+----------------------
         Total | 100.0 | 100.0 |   N/A |   N/A | 100.0 |  64.8
       Dungeon |  82.1 |  82.1 |   N/A |   N/A |  76.9 |  62.2
         Sewer |  17.9 |  17.9 |   N/A |   N/A |  23.1 |  75.0
               +-------+-------+-------+-------+-------+----------------------

Table legend: (Time is in decaauts)
 A = Elapsed time spent in this place.
 B = Non-inter-level travel time spent in this place.
 C = Inter-level travel time spent in this place.
 D = Time resting spent in this place.
 E = Time spent auto-exploring this place.
 F = Levels seen in this place.
 G = Mean time per level.
                   A        B        C        D        E       F      G
               +--------+--------+--------+--------+--------+-----+--------+
         Total |   2569 |   2494 |     75 |    136 |   1682 |   5 |  513.8 |
       Dungeon |   2317 |   2242 |     75 |    110 |   1549 |   4 |  579.2 |
         Sewer |    252 |    252 |      0 |     26 |    132 |   1 |  252.0 |
               +--------+--------+--------+--------+--------+-----+--------+

Top non-repeatable levels by time:
     D:2: 1152 daAuts
     D:1: 769 daAuts
     D:3: 307 daAuts
   Sewer: 252 daAuts
     D:4: 88 daAuts
